AoeStats
← JamesdoXD3

Socotra

504353543Analyzed
2v2 RM · 29d ago on Sep 5, 2026· 12m 59s· 4 players
Game mode
Random Map
Map size
Tiny (2 player)
Population
200
Speed
Normal
Resources
Standard
Victory
Conquest
Starting age
Dark Age
Ending age
Imperial Age
RankedLock teamsTeams togetherTeam positionsShared explorationLock speedFull tech treeHidden civsTurbo modeCheats
Victory
Defeat
🇨🇴 Koreans · Colombia
1171
+16
🇨🇦 Goths · Canada
1129
+18
🇦🇺 Ethiopians · Australia
1219
-19
🇺🇸 Magyars · United States
1129
-15
JamesdoXD3
2:03 Loom
10:09 Feudal Age
10:39 Double-Bit Axe
13:18 Horse Collar
alexmavrovic
1:21 Loom
10:30 Feudal Age
11:45 Man-at-Arms
Goldy
7:23 Loom
9:41 Feudal Age
11:36 Horse Collar
slowcastle
5:40 Loom
10:30 Feudal Age
11:06 Man-at-Arms
Connection lost

Rejoining the realm…

Still unreachable

The connection could not be restored.

Session expired

The server has moved on; the page needs a fresh start.